 Dungeon Crawl Stone Soup version 0.31-a0-1178-gc5c9b8f871 (webtiles) character file.

Game seed: 8944551536558513909

122 Crabhammer the Stinger (level 5, -6/31 HPs)
             Began as an Octopode Venom Mage on Dec 12, 2023.
             Mangled by a gnoll
             ... wielding a +0 whip
              (9 damage)
             ... on level 3 of the Dungeon.
             The game lasted 00:12:46 (3121 turns).

Crabhammer the Stinger (Octopode Venom Mage)        Turns: 3121, Time: 00:12:46

Health: -6/31      AC:  1    Str:  7    XL:     5   Next: 6%
Magic:  9/9        EV: 13    Int: 17    God:
Gold:   140        SH:  0    Dex: 15    Spells: 4/10 levels left

rFire   . .          .
                       - Unarmed
rCold   . . .        (no shield)
rNeg    . . .        (helmet restricted)
rPois   .            k - amulet of the acrobat
rElec   .            (no ring)
rCorr   .            (no ring)
SInv    .            (no ring)
Will    .....        (no ring)
Stlth   +++          (no ring)
HPRegen 0.25/turn    (no ring)
MPRegen 0.11/turn    (no ring)
                     (no ring)

%: acrobat
@: mighty
A: almost no armour, amphibious, 8 rings, camouflage 1, gelatinous body 1,
(nimble swimmer 1), tentacles
a: no special abilities


You were on level 3 of the Dungeon.
You visited 1 branch of the dungeon, and saw 4 of its levels.

You collected 140 gold pieces.

Inventory:

Jewellery
 k - an amulet of the acrobat (around mantle)
 n - an amulet of faith
Scrolls
 j - 2 scrolls of identify
 m - a scroll of immolation {unknown}
 p - a scroll of revelation {unknown}
Potions
 a - a potion of magic
 b - a potion of lignification {unknown}
 c - 2 potions of might
 d - a potion of berserk rage {unknown}
 e - a potion of degeneration {unknown}
 f - a potion of heal wounds {unknown}
 g - a potion of brilliance {unknown}
 h - 2 potions of cancellation {unknown}
 i - a potion of ambrosia {unknown}
 l - 2 potions of curing {unknown}
 o - a potion of enlightenment {unknown}


   Skills:
 - Level 2.0 Dodging
 - Level 2.6 Stealth
 * Level 2.2 Unarmed Combat
 + Level 3.0 Spellcasting
 - Level 1.0 Transmutations
 + Level 5.0 Poison Magic


You had 4 spell levels left.
You knew the following spells:

 Your Spells              Type           Power      Damage    Failure   Level
a - Sting                 Tmut/Pois      48%        1d5       4%          1
b - Poisonous Vapours     Pois/Air       22%        N/A       10%         2
c - Mephitic Cloud        Conj/Pois/Air  8%         N/A       26%         3

Your spell library contained the following spells:

 Spells                   Type           Power      Damage    Failure   Level
 Apportation              Tloc           4%         N/A       17%         1
 Slow                     Hex            8%         N/A       17%         1
 Passwall                 Tmut/Erth      3%         N/A       22%         2
 Olgreb's Toxic Radiance  Pois           19%        N/A       22%         4
 Ensorcelled Hibernation  Hex/Ice        4%         N/A       26%         2
 Jinxbite                 Hex            4%         N/A       26%         2
 Confusing Touch          Hex            2%         N/A       45%         3
 Sigil of Binding         Hex            2%         N/A       45%         3
 Swiftness                Air            2%         N/A       45%         3
 Vampiric Draining        Necr           2%         2d6       45%         3
 Alistair's Intoxication  Tmut/Pois      8%         N/A       80%         5


Dungeon Overview and Level Annotations

Branches:
Dungeon (4/15)
 Temple: D:4-7

Altars:
Sif Muna
Xom

Portals:
Ossuary: D:4

Annotations:
D:2 1 runed translucent door, Crazy Yiuf, Sigmund


Innate Abilities, Weirdness & Mutations

You cannot wear most types of armour.
You are amphibious.
You can wear up to eight rings at the same time.
Your skin changes colour to match your surroundings (Stealth+).
Your rubbery body absorbs attacks. (AC +1, EV +1)
((You are camouflaged when in or above water. (Stealth+)))
You have tentacles for arms and can constrict up to eight enemies at once.


Message History

You see here a scroll of fog.
The jackal misses you.
The ball python hisses angrily.
The jackal completely misses you.
The ball python completely misses you. x2
The jackal completely misses you. The ball python bites you.
The ball python barely misses you.
The jackal barks!
The jackal misses you.
There is a stone staircase leading up here.
You closely miss the jackal. Your grab misses the jackal.
You squeeze the jackal.
The jackal is moderately wounded.
The jackal bites you. The ball python bites you. The ball python grabs you.
You stop ascending the stairs.
The ball python constricts you. The jackal bites you.
The ball python closely misses you. The ball python constricts you.
The jackal bites you.
Unknown command.
You escape the ball python's grasp.
You hear the slow hiss of a very distant avalanche of sand.
The gnoll hits you with a +0 whip.
You climb upwards.
There is a stone staircase leading down here.
You tentacle-slap the jackal but do no damage.
Your grab misses the jackal. The gnoll misses you. The jackal bites you.
You barely miss the jackal. You grab the jackal. You constrict the jackal.
The jackal bites you. The gnoll completely misses you. The jackal bites you.
You tentacle-slap the jackal.
Your tentacle-slap misses the jackal.
The jackal is severely wounded.
You constrict the jackal, but do no damage.
The gnoll hits you with a +0 whip!
* * * LOW HITPOINT WARNING * * *
The jackal barely misses you.
Okay, then.
Unknown command.
You feel very mighty all of a sudden.
You constrict the jackal, but do no damage.
The jackal closely misses you. The gnoll hits you with a +0 whip!
You die...

.### #######.#.......#
.# #.#.#####.# ## ##.#.#
#.# ########## #....#
#.# ........<# #..#.#
#.# ########.#
#..#.#####.# # #.#
#..#.......# ########.#
#..####.##.# ..>......#
#.Sg@h.....#
#############..####.#..#
# #..........####.#..# #
#.#######.....#.#..# #
#.# ###.###.#.#..# #.#
##............#
#####.####.............#
.........).)....#.#.#..#
#####.####...#......#..#


You could see a gnoll, a jackal and a ball python.

Vanquished Creatures
  An orc wizard (D:3)
  3 adders
  A worm (D:3)
  2 orcs (D:3)
  10 ball pythons
  5 endoplasms
  2 giant cockroaches (D:1)
  10 hobgoblins
  3 jackals
  3 quokkas
  3 bats
  5 frilled lizards
  5 goblins
  6 kobolds
  3 rats
62 creatures vanquished.

Notes
Turn   | Place    | Note
-------+----------+-------------------------------------------
     0 | D:1      | Crabhammer the Octopode Venom Mage began the quest for the
                  | Orb.
     0 | D:1      | Reached XP level 1. HP: 11/11 MP: 3/3
   146 | D:1      | Reached skill level 4 in Poison Magic
   146 | D:1      | Reached XP level 2. HP: 17/17 MP: 3/5
   322 | D:1      | Found a faded altar of an unknown god.
   568 | D:1      | Reached skill level 1 in Unarmed Combat
   611 | D:1      | Learned a level 2 spell: Poisonous Vapours
   894 | D:2      | Reached XP level 3. HP: 21/21 MP: 4/6
   897 | D:2      | Identified the +3 leather armour of Blue Skies {Fly Str+6
                  | Int-4}
   897 | D:2      | Noticed Sigmund
  1531 | D:2      | Found a runed translucent door.
  1532 | D:2      | Noticed Crazy Yiuf
  2115 | D:3      | Found a shimmering blue altar of Sif Muna.
  2124 | D:3      | Reached XP level 4. HP: 9/27 MP: 3/7
  2355 | D:3      | Found a shimmering altar of Xom.
  2470 | D:3      | Reached skill level 5 in Poison Magic
  2478 | D:3      | Learned a level 3 spell: Mephitic Cloud
  2687 | D:3      | Reached XP level 5. HP: 31/31 MP: 5/9
  3088 | D:4      | Found a sand-covered staircase.
  3121 | D:3      | Mangled by a gnoll

Illustrated notes

Levels and vault maps discovered:
D:1:      elethiomel_arrival_shortcut, layout_rooms,
          shapermc_ecumenical_altar_mp_highgroup, interstate_on_off,
          minmay_misc_feat_nine_boxes, kennysheep_doodads
D:2:      layout_loops_corners, uniq_crazy_yiuf_cottage, uniq_sigmund
D:3:      layout_loops_ring, brannock_xom_greatest_gift,
          mainiacjoe_overflow_chevrons, kennysheep_another_room
D:4:      layout_cave_pools, old_standard_altar, nicolae_ossuary_entry_ruins,
          uniq_blork_the_orc

Skill      XL: |  1  2  3  4 |
---------------+-------------+-----
Poison Magic   | 4 5 |  5.0
Unarmed Combat | 1 2 |  2.2
Spellcasting   | 3 |  3.0
Dodging        | |  2.0
Stealth        | |  2.6
Transmutations | |  1.0

Action                     |  1- 3 |  4- 6 || total
---------------------------+-------+-------++-------
  Melee: Unarmed           |    54 |    41 ||    95
         Tentacles         |    10 |    11 ||    21
         Constrict         |    10 |    11 ||    21
   Cast: Sting             |    49 |    22 ||    71
         Poisonous Vapours |     1 |     2 ||     3
    Use: Scroll            |     3 |     3 ||     6
         Potion            |       |     1 ||     1
   Stab: Sleeping          |     1 |     2 ||     3
 Armour: Skin              |    28 |    28 ||    56
  Dodge: Dodged            |    38 |    48 ||    86

Table legend: (Time is in decaauts)
 A = Elapsed time spent in this place.
 B = Non-inter-level travel time spent in this place.
 C = Inter-level travel time spent in this place.
 D = Time resting spent in this place.
 E = Time spent auto-exploring this place.
 F = Levels seen in this place.
 G = Mean time per level.
                   A        B        C        D        E       F      G
               +--------+--------+--------+--------+--------+-----+--------+
         Total |   3122 |   2793 |    329 |    502 |   1545 |   4 |  780.5 |
       Dungeon |   3122 |   2793 |    329 |    502 |   1545 |   4 |  780.5 |
               +--------+--------+--------+--------+--------+-----+--------+

Top non-repeatable levels by time:
     D:2: 1201 daAuts
     D:1: 990 daAuts
     D:3: 854 daAuts
     D:4: 77 daAuts
